 Dungeon Crawl Stone Soup version 0.27-a0-705-ga0013940fb (webtiles) character file.

Game seed: 8465068837465251147

12008 Anon1729 the Covert (level 12, -6/72 HPs)
             Began as a Kobold Brigand on Mar 22, 2021.
             Was a Follower of Wu Jian.
             Mangled by a polar bear (19 damage)
             ... on level 1 of the Lair of Beasts.
             The game lasted 00:42:16 (19843 turns).

Anon1729 the Covert (Kobold Brigand)               Turns: 19843, Time: 00:42:17

Health: -6/72      AC:  7    Str: 10    XL:     12   Next: 14%
Magic:  15/15      EV: 19    Int: 12    God:    Wu Jian [*.....]
Gold:   504        SH:  0    Dex: 20    Spells: 12/15 levels left

rFire    . . .     SeeInvis +   b - +1 dagger (venom)
rCold    . . .     Faith    .   (shield restricted)
rNeg     . . .     Spirit   .   R - +2 leather armour {Will+}
rPois    +         Reflect  .   h - +0 helmet
rElec    .         Harm     .   c - +0 cloak
rCorr    .         Rampage  .   (no gloves)
Will     +....                  (no boots)
Stlth    ++++++....             (no amulet)
HPRegen  0.22/turn              p - ring of see invisible
MPRegen  0.14/turn              t - ring of poison resistance

@: no status effects
A: small, no large weapons, nightstalker 3
a: Renounce Religion


You were on level 1 of the Lair of Beasts.
You worshipped Wu Jian.
Wu Jian was aware of your devotion.
You visited 3 branches of the dungeon, and saw 12 of its levels.
You also visited: Sewer.

You collected 588 gold pieces.
You spent 84 gold pieces at shops.

Inventory:

Hand Weapons
 a - a +2 dagger
 b - a +1 dagger of venom (weapon)
 J - a +1 short sword of venom
 O - the +9 war axe "Raocwaf" {antimagic, rElec Stlth+}
   (You found it on level 10 of the Dungeon)

   It reduces the magical energy of the wielder, and disrupts the spells and
   magical abilities of those hit.
   Natural abilities and divine invocations are not affected.
   It insulates you from electricity.
   It makes you more stealthy.
Missiles
 d - 16 curare-tipped darts (quivered)
 e - 66 poisoned darts
 q - 2 silver boomerangs
 x - 9 boomerangs
 C - 4 boomerangs of dispersal
 E - 8 atropa-tipped darts
 V - a throwing net
Armour
 c - a +0 cloak (worn)
 h - a +0 helmet (worn)
 l - a +1 robe of willpower
 v - a +1 buckler of poison resistance
 K - the +3 buckler of Sif Muna's Anger {rPois Dex-5 Slay+4}
   (You found it on level 8 of the Dungeon)

   It affects your dexterity (-5).
   It affects your accuracy and damage with ranged weapons and melee attacks
   (+4).
   It protects you from poison.
 R - a +2 leather armour of willpower (worn)
Jewellery
 p - a ring of see invisible (right hand)
 t - a ring of poison resistance (left hand)
 y - a ring of protection from fire
 G - a ring of willpower
 H - an amulet of magic regeneration
 T - a ring of ice
Wands
 P - a wand of iceblast (8)
Scrolls
 f - 3 scrolls of amnesia
 g - a scroll of immolation
 i - a scroll of summoning
 j - 4 scrolls of teleportation
 k - 3 scrolls of enchant armour
 r - 2 scrolls of fear {unknown}
 s - a scroll of fog {unknown}
 w - 3 scrolls of random uselessness
 z - a scroll of brand weapon {unknown}
 B - a scroll of holy word {unknown}
 D - 2 scrolls of magic mapping {unknown}
 F - 3 scrolls of vulnerability
 I - a scroll of silence {unknown}
 Q - a scroll of identify
 U - a scroll of blinking {unknown}
Potions
 m - 3 potions of cancellation
 n - 3 potions of heal wounds
 o - 3 potions of brilliance
 u - a potion of haste
 A - 5 potions of curing
 L - 2 potions of mutation {unknown}
 M - a potion of lignification
 N - a potion of flight
 S - 2 potions of magic {unknown}


   Skills:
 + Level 7.1 Fighting
 * Level 11.5 Short Blades
 + Level 7.1 Throwing
 + Level 7.5 Dodging
 * Level 13.1 Stealth
 + Level 3.9 Shields
 - Level 2.0 Spellcasting
 - Level 2.0 Transmutations
 - Level 2.0 Earth Magic
 + Level 7.2 Evocations


You had 12 spell levels left.
You knew the following spells:

 Your Spells              Type           Power      Damage    Failure   Level
a - Apportation           Tloc           2%         N/A       36%         1
b - Passwall              Tmut/Erth      5%         N/A       24%         2

Your spell library contained the following spells:

 Spells                   Type           Power      Damage    Failure   Level
 Sandblast                Erth           12%        2d6       16%         1
 Animate Skeleton         Necr           2%         N/A       36%         1
 Corona                   Hex            1%         N/A       36%         1
 Foxfire                  Conj/Fire      4%         2x1d4     36%         1
 Summon Small Mammal      Summ           4%         N/A       36%         1
 Stone Arrow              Conj/Erth      6%         3d7       58%         3
 Conjure Flame            Conj/Fire      1%         6-21      73%         3
 Inner Flame              Hex/Fire       1%         N/A       73%         3
 Petrify                  Tmut/Erth      6%         N/A       85%         4
 Sticky Flame             Conj/Fire      1%         2d3       98%         4
 Lee's Rapid Deconstruct  Erth           3%         3d6*      99%         5
 Fireball                 Conj/Fire      0%         3d3       100%        5


Dungeon Overview and Level Annotations

Branches:
Dungeon (10/15)            Temple (1/1) D:4            Lair (1/6) D:8
  Sewer (visited)
    Orc: D:9-12

Altars:
Ashenzari
Cheibriados
Dithmenos
Elyvilon
Fedhas
Gozag
Hepliaklqana
Kikubaaqudgha
Makhleb
Nemelex Xobeh
Okawaru
Qazlal
Ru
Sif Muna
Trog
Uskayaw
Vehumet
Wu Jian
Xom
Yredelemnul
Zin
The Shining One

Shops:
D:5 *   D:8 !

Annotations:
D:4 2 transporters, exclusion: player ghost, Gonzollydolly's ghost, weakling MfDe
D:6 3 runed translucent doors, Lanoc's ghost, novice DDTm
D:7 Harold
D:10 bmj180's ghost, novice DrCj


Innate Abilities, Weirdness & Mutations

You are small and have problems with some larger weapons.
You are completely attuned to the shadows.


Message History

You hit the polar bear.
The polar bear is poisoned.
The polar bear is lightly wounded.
You hit the polar bear but do no damage.
The polar bear looks as sick as possible!
The polar bear is lightly wounded.
A swamp worm comes into view.
You spin and attack the polar bear repeatedly.
You hit the polar bear but do no damage.
The polar bear is moderately wounded.
You hit the polar bear but do no damage.
The polar bear looks as sick as possible!
The polar bear is moderately wounded.
The polar bear bites you but does no damage.
The polar bear barely misses you.
The polar bear claws you but does no damage.
You spin and attack the polar bear repeatedly.
You completely miss the polar bear.
The polar bear is heavily wounded.
You hit the polar bear but do no damage.
The polar bear looks as sick as possible!
The polar bear is heavily wounded.
The polar bear bites you. The polar bear closely misses you.
The polar bear completely misses you. The polar bear bites you!
The polar bear claws you but does no damage. x2
You spin and attack the polar bear repeatedly.
You hit the polar bear.
The polar bear looks as sick as possible!
The polar bear is severely wounded.
You hit the polar bear but do no damage.
The polar bear looks as sick as possible!
The polar bear is severely wounded.
The polar bear goes berserk!
The polar bear rages.
The polar bear misses you. The polar bear closely misses you. x2
The polar bear bites you!!
* * * LOW HITPOINT WARNING * * *
The polar bear completely misses you. The polar bear closely misses you.
The polar bear bites you!!
You die...

...[................###..##..
.#:.................##...# #.
.###.###.#####.#....#....#
.###.##..## #...........##
###†..##..# ###..........# .#.#
.....##P..# #....#...#.##....
†....###..######........#..#.P.#
...........................#...##
.##P............@h.......#..#....
.#........................#......
.##....P.###..####..#.....##.....
.##...##.# #### #..#...#.#....#.
.........# #..###.###..#..#
#....P...# ##..###.# ##.#..#
.........## #....#### #..#...
.......P..# ##...##.###....##
..........# #........#...##..


You could see a polar bear (berserk, very poisoned).

Vanquished Creatures
  A two-headed ogre (D:8)
  Sonja (Lair:1)
  Pikel (D:7)
  Joseph (D:7)
  A gargoyle (D:10)
  A cane toad (Lair:1)
  5 polar bears (Lair:1)
  A troll (D:8)
  Grinder (D:3)
  4 blink frogs
  2 wyverns
  5 yaks (D:10)
  2 basilisks (Lair:1)
  2 swamp worms (Lair:1)
  2 soldier ants (D:10)
  2 water moccasins (Lair:1)
  7 black bears
  5 sky beasts
  6 ogres
  2 centaurs
  6 wolves
  A lemure (D:7)
  3 phantoms
  6 kobold brigands
  6 bullfrogs
  A gnoll sergeant (D:6)
  A wyvern skeleton (D:6)
  A water moccasin zombie (D:10)
  A scorpion (D:4)
  3 killer bees (D:10)
  3 wights
  2 electric eels (D:8)
  4 centaur zombies
  2 bullfrog zombies
  A quasit (D:9)
  10 hounds
  2 jellies (D:8)
  6 orc priests
  A bullfrog skeleton (D:6)
  3 iguanas
  6 orc wizards
  6 worker ants
  A hound skeleton (D:5)
  3 worker ant zombies
  A howler monkey skeleton (D:8)
  6 adders
  9 gnolls
  4 river rats (Sewer)
  2 shadow imps
  2 white imps
  2 ufetubi
  An adder zombie (D:6)
  6 adder skeletons
  4 worms
  A dart slug (D:1)
  21 orcs
  3 bats
  6 giant cockroaches (D:3)
  7 goblins
  8 hobgoblins
  11 jackals
  6 oozes
  14 quokkas
  4 ball pythons
  4 frilled lizards
  13 kobolds
  A quokka skeleton (D:4)
  A quokka zombie (D:7)
  9 rats
277 creatures vanquished.

Vanquished Creatures (others)
  9 fungi (Lair:1)
  20 plants
  4 toadstools (D:1)
33 creatures vanquished.

Grand Total: 310 creatures vanquished

Notes
Turn   | Place    | Note
-------+----------+-------------------------------------------
     0 | D:1      | Anon1729 the Kobold Brigand began the quest for the Orb.
     0 | D:1      | Reached XP level 1. HP: 12/12 MP: 1/1
   100 | D:1      | Found a broken altar of Ashenzari.
   314 | D:1      | You fall into a shaft and drop 1 floor!
   326 | D:2      | Reached XP level 2. HP: 17/17 MP: 2/2
   460 | D:2      | Found a faded altar of an unknown god.
   461 | D:2      | Found a faded altar of an unknown god.
   464 | D:2      | Found a hazy altar of Hepliaklqana.
   511 | D:2      | Found a faded altar of an unknown god.
   552 | D:2      | Reached skill level 1 in Evocations
   552 | D:2      | Reached XP level 3. HP: 14/22 MP: 3/3
   718 | D:2      | Found an ornate altar of the Wu Jian Council.
   744 | D:2      | Reached XP level 4. HP: 27/27 MP: 4/4
  1170 | D:3      | Found a glowing drain.
  1200 | D:3      | Reached skill level 6 in Stealth
  1215 | Sewer    | Entered a sewer
  1241 | Sewer    | Noticed a kobold brigand
  1280 | Sewer    | Killed a kobold brigand
  1281 | Sewer    | Reached XP level 5. HP: 31/31 MP: 5/5
  1816 | Sewer    | Noticed a kobold brigand
  1820 | Sewer    | Killed a kobold brigand
  1821 | Sewer    | Reached XP level 6. HP: 25/37 MP: 6/6
  2347 | Sewer    | Reached skill level 7 in Stealth
  2401 | Sewer    | Reached skill level 5 in Short Blades
  2401 | Sewer    | Reached XP level 7. HP: 41/41 MP: 7/7
  2891 | D:3      | Found a sacrificial altar of Ru.
  3510 | D:3      | Noticed Grinder
  3530 | D:3      | Killed Grinder
  3753 | D:3      | Found a hide-covered altar of Uskayaw.
  3990 | D:3      | Reached XP level 8. HP: 48/48 MP: 8/8
  4009 | D:3      | Reached skill level 8 in Stealth
  5355 | D:4      | Found a transporter.
  5370 | D:4      | Noticed Gonzollydolly's ghost (weakling MfDe)
  5770 | D:4      | Found a transporter.
  5906 | D:4      | Found an opulent altar of Gozag.
  6039 | D:4      | Found a staircase to the Ecumenical Temple.
  6046 | Temple   | Entered the Ecumenical Temple
  6819 | D:4      | Found a stormy altar of Qazlal.
  7349 | D:5      | Entered Level 5 of the Dungeon
  7396 | D:5      | Reached skill level 9 in Stealth
  7546 | D:5      | Found a shimmering blue altar of Sif Muna.
  7570 | D:5      | Learned a level 1 spell: Apportation
  7680 | D:5      | Identified Sif Muna's Catalogue of Flames
  8124 | D:5      | Found Ecrylut's Elemental Accessories.
  8386 | D:5      | Reached XP level 9. HP: 52/52 MP: 9/9
  8523 | D:6      | Found a runed translucent gate.
  8524 | D:6      | Found a runed translucent gate.
  8524 | D:6      | Noticed Lanoc's ghost (novice DDTm)
  8525 | D:6      | Found a runed translucent gate.
  8526 | D:6      | Found a basalt altar of Yredelemnul.
  8861 | D:6      | Found an ancient bone altar of Kikubaaqudgha.
  8964 | D:6      | Reached skill level 1 in Shields
  9343 | D:6      | Reached skill level 5 in Dodging
 10024 | D:7      | Found a blossoming altar of Fedhas.
 10159 | D:7      | Noticed Pikel
 10205 | D:7      | Killed Pikel
 10206 | D:7      | Reached skill level 5 in Fighting
 10206 | D:7      | Reached skill level 5 in Throwing
 10206 | D:7      | Reached skill level 10 in Stealth
 10620 | D:7      | Reached skill level 5 in Evocations
 10722 | D:7      | Reached XP level 10. HP: 37/59 MP: 10/10
 10904 | D:7      | Noticed Joseph
 10908 | D:7      | Killed Joseph
 11314 | D:7      | Noticed Harold
 11898 | D:8      | Found Zuptide's Distillery.
 11903 | D:8      | Bought a potion of flight for 42 gold pieces
 11903 | D:8      | Bought a potion of flight for 42 gold pieces
 12076 | D:2      | Became a worshipper of the Wu Jian Council
 12497 | D:7      | Reached skill level 11 in Stealth
 13454 | D:8      | Noticed a two-headed ogre
 13460 | D:8      | Killed a two-headed ogre
 14350 | D:8      | Found a staircase to the Lair.
 14485 | D:8      | Identified the +3 buckler of Sif Muna's Anger {rPois Dex-5
                  | Slay+4}
 14510 | D:8      | Reached skill level 10 in Short Blades
 14615 | D:8      | Found a broken altar of Ashenzari.
 14998 | D:9      | HP: 3/60 [orc warrior/+0 glaive (26)]
 15434 | D:9      | Found a snail-covered altar of Cheibriados.
 15610 | D:9      | Reached * piety under Wu Jian
 15675 | D:10     | Entered Level 10 of the Dungeon
 15686 | D:10     | Noticed a gargoyle
 15689 | D:10     | Killed a gargoyle
 15690 | D:10     | Reached XP level 11. HP: 64/64 MP: 11/11
 15696 | D:10     | Learned a level 2 spell: Passwall
 15966 | D:10     | Reached skill level 12 in Stealth
 15970 | D:10     | Reached skill level 1 in Spellcasting
 15970 | D:10     | Reached skill level 1 in Earth Magic
 15971 | D:10     | Reached skill level 1 in Transmutations
 16525 | D:10     | Found a runed translucent door.
 16526 | D:10     | Noticed bmj180's ghost (novice DrCj)
 16792 | D:10     | Identified the +9 war axe "Raocwaf" {antimagic, rElec
                  | Stlth+}
 17084 | Lair:1   | Entered Level 1 of the Lair of Beasts
 18343 | Lair:1   | Noticed Sonja
 18355 | Lair:1   | Killed Sonja
 18672 | Lair:1   | Reached XP level 12. HP: 26/72 MP: 15/15
 19062 | Lair:1   | Reached skill level 13 in Stealth
 19843 | Lair:1   | Mangled by a polar bear

Illustrated notes

Levels and vault maps discovered:
D:1:      ldierk_water_garden, layout_basic, nicolae_ashenzari_panopticon
D:2:      layout_rooms, nicolae_hepliaklqana_ecumenical_no_more,
          general_overflow_altar
D:3:      layout_loops_corners, lemuel_doored_altar, marbit_many_paths,
          portal_sewer_entry_f, uniq_grinder
D:4:      layout_basic, grunt_gozag_statues, kennysheep_little_box,
          minmay_temple_entry_junction_2, gammafunk_ghost_arena,
          minmay_statues_item, minmay_misc_feat_tiny
D:5:      layout_basic, led_sif_book, roderic_lattice_a, nicolae_elemental_shop
D:6:      layout_rooms, nicolae_yredelemnul_ghost_church, lemuel_round_altar
D:7:      layout_basic, st_stairs_3, corexii_item_surrounded_by_moat,
          fedhas_altar_1, uniq_joseph, uniq_harold, uniq_pikel
D:8:      layout_rooms, nicolae_overflow_hidden_temple, erik_lair_island,
          serial_shops, shop_fountains
D:9:      layout_basic, lemuel_coloured_pillars_altar
D:10:     layout_loops_ring, ebering_ghost_inner_flame, minmay_misc_feat_x,
          hangedman_pestilent_swarm
Temple:   minmay_temple_curvy_loop
Lair:1:   beast_lair_carwin_large_4, layout_gridlike, worms_lemuel,
          lemuel_fruit_fields, uniq_sonja

Skill      XL: |  1  2  3  4  5  6  7  8  9 10 11 12 |
---------------+-------------------------------------+-----
Short Blades   | 3 4 5 6 7 8 10 11 | 11.5
Evocations     | 1 2 3 4 5 6 7 |  7.2
Stealth        | 6 7 9 10 11 12 13 | 13.1
Dodging        | 2 3 4 5 6 7 |  7.5
Fighting       | 3 4 5 6 7 |  7.1
Throwing       | 3 4 5 6 7 |  7.1
Shields        | 1 3 |  3.9
Spellcasting   | 2 |  2.0
Earth Magic    | 2 |  2.0
Transmutations | 2 |  2.0

Action                   |  1- 3 |  4- 6 |  7- 9 | 10-12 || total
-------------------------+-------+-------+-------+-------++-------
Melee: Dagger            |    29 |   104 |   414 |   561 ||  1108
Throw: Dart              |     4 |    35 |    46 |    49 ||   134
       Boomerang         |       |       |       |    35 ||    35
 Cast: Apportation       |       |       |    10 |     1 ||    11
       Passwall          |       |       |       |     1 ||     1
Invok: Lunge             |       |       |       |    44 ||    44
       Whirlwind         |       |       |       |    33 ||    33
Evoke: Wand              |       |       |       |     2 ||     2
  Use: Scroll            |       |       |     8 |     4 ||    12
       Potion            |       |       |     5 |     2 ||     7
 Stab: Sleeping          |     7 |    11 |    59 |    40 ||   117
       Distracted        |     1 |       |     4 |     7 ||    12
       Invisible         |       |     3 |     2 |     1 ||     6
Armor: Robe              |     5 |    13 |    32 |    29 ||    79
       Leather armour    |       |       |       |    53 ||    53
Dodge: Dodged            |    21 |    49 |   180 |   389 ||   639

Table legend: (Time is in decaauts)
 A = Elapsed time spent in this place.
 B = Non-inter-level travel time spent in this place.
 C = Inter-level travel time spent in this place.
 D = Time resting spent in this place.
 E = Time spent auto-exploring this place.
 F = Levels seen in this place.
 G = Mean time per level.
                   A        B        C        D        E       F      G
               +--------+--------+--------+--------+--------+-----+--------+
         Total |  19756 |  18604 |   1152 |   6260 |   9222 |  13 | 1519.7 |
       Dungeon |  15525 |  14411 |   1114 |   4690 |   7508 |  10 | 1552.5 |
        Temple |    376 |    341 |     35 |      0 |    316 |   1 |  376.0 |
          Lair |   2034 |   2032 |      2 |    844 |    797 |   1 | 2034.0 |
         Sewer |   1820 |   1820 |      0 |    726 |    600 |   1 | 1820.0 |
               +--------+--------+--------+--------+--------+-----+--------+

Top non-repeatable levels by time:
     D:7: 3173 daAuts
     D:8: 2336 daAuts
  Lair:1: 2034 daAuts
   Sewer: 1820 daAuts
     D:4: 1723 daAuts
     D:5: 1530 daAuts
     D:3: 1471 daAuts
     D:2: 1365 daAuts
    D:10: 1166 daAuts
     D:6: 1111 daAuts
     D:1: 950 daAuts
     D:9: 694 daAuts
  Temple: 376 daAuts
